 Dungeon Crawl Stone Soup version 0.24.0-37-gcf1ca852f1 (webtiles) character file.

Game seed: 16628133971001887554, levelgen mode: deterministic

329 Delamore the Cleaver (level 6, -4/51 HPs)
             Began as a Hill Orc Fighter on Nov 23, 2019.
             Killed by divine providence
             ... invoked by an orc priest
              (12 damage)
             ... on level 4 of the Dungeon.
             The game lasted 00:04:28 (2652 turns).

Delamore the Cleaver (Hill Orc Fighter)             Turns: 2652, Time: 00:04:28

Health: -4/51      AC: 15    Str: 21    XL:     6   Next: 50%
Magic:  6/6        EV:  5    Int:  8    God:
Gold:   101        SH:  9    Dex: 10    Spells: 5/5 levels left

rFire    + . .     SeeInvis .   a - +0 war axe
rCold    . . .     Gourm    .   c - +0 shield
rNeg     . . .     Faith    .   v - +4 chain mail {rF+}
rPois    .         Spirit   .   t - +0 helmet
rElec    .         Reflect  .   (no cloak)
rCorr    .         Harm     .   m - +0 pair of gloves
MR       .....                  (no boots)
Stlth    ..........             e - amulet of magic regeneration
HPRegen  0.17/turn              (no ring)
MPRegen  0.35/turn              (no ring)

@: no status effects
A: no striking features
a: Convert to Beogh


You were on level 4 of the Dungeon.
You were not hungry.

You visited 1 branch of the dungeon, and saw 4 of its levels.

You collected 101 gold pieces.

Inventory:

Hand Weapons
 a - a +0 war axe (weapon)
Armour
 c - a +0 shield (worn)
 j - a +1 hat
 m - a +0 pair of gloves (worn)
 t - a +0 helmet (worn)
 v - a +4 chain mail of fire resistance (worn)
Jewellery
 e - an amulet of magic regeneration (around neck)
Scrolls
 g - 2 scrolls of teleportation
 h - a scroll of identify
 i - a scroll of blinking
 k - 3 scrolls of magic mapping
 l - a scroll of fog
 n - a scroll of amnesia
 s - a scroll of noise
 u - a scroll of enchant weapon {unknown}
Potions
 d - a potion of might
 o - a potion of magic {unknown}
 p - 2 potions of berserk rage {unknown}
 q - 2 potions of cancellation
Comestibles
 b - 5 chunks of flesh
 f - 5 rations


   Skills:
 - Level 3.6 Fighting
 + Level 8.8 Axes
 - Level 3.2 Armour
 - Level 3.2 Shields


You had 5 spell levels left.
You didn't know any spells.
Your spell library was empty.

Dungeon Overview and Level Annotations

Branches:
Dungeon (4/15)
 Temple: D:4-7

Altars:
Cheibriados
Trog


Message History

You slash the orc priest!
The orc priest is almost dead.
You slash the orc!
You kill the orc!
The orc priest hits you but does no damage.
You block the worker ant's attack.
Unknown command.
You closely miss the orc priest.
The orc priest shouts, "Join the one true god or die!"
The orc priest is almost dead.
You hit the worker ant but do no damage.
The worker ant bites you but does no damage.
The orc priest hits you but does no damage.
Unknown command.
Your shield and chain mail prevent you from hitting the orc priest.
The orc priest is almost dead.
You closely miss the worker ant. You block the worker ant's attack.
The orc priest mumbles some strange prayers to Beogh against you.
Beogh smites you!
You die...

.. #. ..
#.## #.[.
.#####.o#
......ao# .
###@##....
#......#
#.#....(...
#.####.###.
#.# ...#
#.##.#.#
#.##.#.#
#......##
###....)#


You could see a worker ant and 2 orc priests.

Vanquished Creatures
  An orc priest (D:4)
  Jessica (D:2)
  Terence (D:3)
  Natasha (twice) (D:2)
  Robin (D:3)
  5 adders
  An ooze (D:3)
  8 worms
  4 dart slugs
  2 leopard geckos (D:2)
  11 orcs
  A ball python (D:1)
  3 giant cockroaches
  12 goblins
  9 hobgoblins
  10 jackals
  4 quokkas
  8 bats
  3 frilled lizards
  7 kobolds
  6 rats
100 creatures vanquished.

Notes
Turn   | Place    | Note
-------+----------+-------------------------------------------
     0 | D:1      | Delamore the Hill Orc Fighter began the quest for the Orb.
     0 | D:1      | Reached XP level 1. HP: 19/19 MP: 1/1
    30 | D:1      | Reached skill level 3 in Axes
   196 | D:1      | Reached XP level 2. HP: 26/26 MP: 2/2
   212 | D:1      | Reached skill level 4 in Axes
   438 | D:1      | Reached XP level 3. HP: 31/31 MP: 3/3
   843 | D:2      | Reached skill level 5 in Axes
   980 | D:2      | Noticed Jessica
   984 | D:2      | Killed Jessica
   984 | D:2      | Reached XP level 4. HP: 39/39 MP: 4/4
  1316 | D:2      | Reached skill level 6 in Axes
  1408 | D:2      | Found a bloodstained altar of Trog.
  1556 | D:2      | Reached XP level 5. HP: 41/45 MP: 5/5
  1757 | D:2      | Noticed Natasha
  1764 | D:2      | Killed Natasha
  1764 | D:2      | Reached skill level 7 in Axes
  1837 | D:2      | Noticed Natasha
  1849 | D:2      | Killed Natasha
  2007 | D:3      | Found a snail-covered altar of Cheibriados.
  2113 | D:3      | Noticed Robin
  2125 | D:3      | Killed Robin
  2125 | D:3      | Reached skill level 8 in Axes
  2125 | D:3      | Reached XP level 6. HP: 44/51 MP: 6/6
  2254 | D:3      | Noticed Terence
  2279 | D:3      | Killed Terence
  2652 | D:4      | Killed from afar by an orc priest

Levels and vault maps discovered:
D:1:      matt_arrival_spirals, layout_basic
D:2:      layout_loops_cross, trog_butcher_becter, uniq_jessica, uniq_natasha
D:3:      layout_basic, kennysheep_slug_shrine, hangedman_glass_teeth,
          minmay_box_of_dots, uniq_terence, uniq_robin
D:4:      layout_loops_cross, first_ration

Skill      XL: |  1  2  3  4  5 |
---------------+----------------+-----
Axes           | 3 4 5 6 8 |  8.8
Fighting       | |  3.6
Armour         | |  3.2
Shields        | |  3.2

Action                   |  1- 3 |  4- 6 || total
-------------------------+-------+-------++-------
Melee: War axe           |    92 |   268 ||   360
  Use: Scroll            |       |     9 ||     9
  Eat: Chunk             |       |     6 ||     6
Armor: Scale mail        |    36 |       ||    36
       Chain mail        |       |   134 ||   134
Dodge: Dodged            |    31 |    49 ||    80
Block: Shield            |    49 |   135 ||   184
